 Dungeon Crawl Stone Soup version 0.27-a0-1149-g4505690ab0 (webtiles) character file.

Game seed: 6361324399812837289

28 robertstho the Bolt Thrower (level 3, -1/22 HPs)
             Began as a Kobold Hunter on May 12, 2021.
             Slain by an ice beast (10 damage)
             ... on level 2 of the Dungeon.
             The game lasted 00:00:59 (1181 turns).

robertstho the Bolt Thrower (Kobold Hunter)         Turns: 1181, Time: 00:01:00

Health: -1/22      AC:  3    Str:  9    XL:     3   Next: 30%
Magic:  3/3        EV: 11    Int: 12    God:
Gold:   64         SH:  7    Dex: 16    Spells: 2/2 levels left

rFire    . . .     SeeInvis .   a - +1 hand crossbow
rCold    . . .     Faith    .   i - +0 kite shield
rNeg     . . .     Spirit   .   c - +0 leather armour
rPois    .         Reflect  .   (no helmet)
rElec    .         Harm     .   (no cloak)
rCorr    .         Rampage  .   (no gloves)
Will     .....                  (no boots)
Stlth    +++.......             (no amulet)
HPRegen  0.07/turn              (no ring)
MPRegen  0.08/turn              (no ring)

@: no status effects
A: small, no large weapons, nightstalker 3
a: no special abilities


You were on level 2 of the Dungeon.
You visited 1 branch of the dungeon, and saw 2 of its levels.

You collected 64 gold pieces.

Inventory:

Hand Weapons
 a - a +1 hand crossbow (weapon)
 b - a +0 short sword
Missiles
 d - 11 bolts (quivered ammo)
Armour
 c - a +0 leather armour (worn)
 i - a +0 kite shield (worn)
Scrolls
 e - a scroll of blinking {unknown}
 g - a scroll of noise {unknown}
 k - a scroll of magic mapping {unknown}
 l - a scroll of amnesia {unknown}
Potions
 f - a potion of flight {unknown}
 h - a potion of might {unknown}
 j - 3 potions of haste {unknown}


   Skills:
 + Level 2.3 Fighting
 + Level 5.8 Crossbows
 + Level 0.1 Armour
 + Level 2.5 Dodging
 + Level 1.6 Stealth


You had 2 spell levels left.
You didn't know any spells.
Your spell library contained the following spells:

 Spells                   Type           Power      Damage    Failure   Level
 Magic Dart               Conj           0%         1d3       97%         1
 Blink                    Tloc           N/A        N/A       99%         2
 Call Imp                 Summ           0%         N/A       99%         2
 Searing Ray              Conj           0%         3d3       99%         2
 Slow                     Hex            0%         N/A       99%         2
 Conjure Flame            Conj/Fire      0%         6-21      100%        3
 Dazzling Flash           Conj/Hex       0%         N/A       100%        3
 Mephitic Cloud           Conj/Pois/Air  0%         N/A       100%        3
 Fulminant Prism          Conj/Hex       0%         3d6       100%        4
 Iskenderun's Mystic Bla  Conj/Tloc      0%         2d3       100%        4


Dungeon Overview and Level Annotations

Branches:
Dungeon (2/15)

Altars:


Innate Abilities, Weirdness & Mutations

You are small and have problems with some larger weapons.
You are completely attuned to the shadows.


Message History

No target in view!
d - 12 bolts (gained 1)
Things that are here:
a +0 dagger; a kobold corpse
d - 14 bolts (gained 2)
d - 15 bolts (gained 1)
d - 16 bolts (gained 1)
An ice beast comes into view.
An ice beast is nearby!
An ice beast is nearby!
An ice beast is nearby!
An ice beast is nearby!
You shoot a bolt. The bolt hits the ice beast.
The ice beast is lightly wounded.
You shoot a bolt. The bolt hits the ice beast!
The ice beast is moderately wounded.
You shoot a bolt. The bolt hits the ice beast.
The ice beast is heavily wounded.
The ice beast closely misses you. The ice beast hits you.
The ice beast freezes you!
Ouch! That really hurt!
You are too injured to fight recklessly!
You are too injured to fight recklessly!
You are too injured to fight recklessly!
You are too injured to fight recklessly!
Fire: 13 bolts
Press: ? - help, Q - select action Shift-Dir - straight line, f/p - ice beast
Aim: an ice beast (heavily wounded, 66% to hit)
You shoot a bolt. The bolt barely misses the ice beast.
The ice beast closely misses you.
Unknown command.
Unknown command.
Fire: 12 bolts
Press: ? - help, Q - select action Shift-Dir - straight line, f/p - ice beast
Aim: an ice beast (heavily wounded, 67% to hit)
You shoot a bolt.
The bolt hits the ice beast but does no damage.
The ice beast is heavily wounded.
The ice beast hits you. The ice beast freezes you!
You die...

...# #...# ## .. #####...# #.. ..
........# ###.# .(
........#####...###############(.
........+.......@Y..(............
.................################
........#..#.#...#
......###...<....#
......###..#.#..## #'##.#
#........# #..... #.)......#
...... #.#....### #####. #......#


You could see an ice beast.

Vanquished Creatures
  An endoplasm (D:2)
  3 giant cockroaches (D:1)
  2 goblins
  A hobgoblin (D:2)
  6 jackals (D:1)
  2 kobolds (D:2)
  A ball python (D:1)
  5 bats
  3 frilled lizards
  A rat (D:1)
25 creatures vanquished.

Notes
Turn   | Place    | Note
-------+----------+-------------------------------------------
     0 | D:1      | robertstho the Kobold Hunter began the quest for the Orb.
     0 | D:1      | Reached XP level 1. HP: 12/12 MP: 1/1
    86 | D:1      | Reached skill level 5 in Crossbows
   287 | D:1      | Reached XP level 2. HP: 17/17 MP: 2/2
   597 | D:1      | Reached XP level 3. HP: 22/22 MP: 3/3
   852 | D:2      | Found a faded altar of an unknown god.
  1162 | D:2      | Noticed an ice beast
  1181 | D:2      | Slain by an ice beast

Illustrated notes

Levels and vault maps discovered:
D:1:      dpeg_arrival_simpleton_c, layout_basic
D:2:      layout_basic, ebering_ecumenical_altar_rust, grunt_ministairs_10,
          st_stairs_14, serial_bayou_crossing

Skill      XL: |  1 |
---------------+----+-----
Crossbows      | 5 |  5.8
Fighting       | |  2.3
Armour         | |  0.1
Dodging        | |  2.5
Stealth        | |  1.6

Action                   || total
-------------------------++-------
 Fire: Hand crossbow     ||    50
Armor: Leather armour    ||     4
Dodge: Dodged            ||    18
Block: Kite shield       ||     4

Table legend: (Time is in decaauts)
 A = Elapsed time spent in this place.
 B = Non-inter-level travel time spent in this place.
 C = Inter-level travel time spent in this place.
 D = Time resting spent in this place.
 E = Time spent auto-exploring this place.
 F = Levels seen in this place.
 G = Mean time per level.
                   A        B        C        D        E       F      G
               +--------+--------+--------+--------+--------+-----+--------+
         Total |   1199 |   1153 |     46 |      0 |   1005 |   2 |  599.5 |
       Dungeon |   1199 |   1153 |     46 |      0 |   1005 |   2 |  599.5 |
               +--------+--------+--------+--------+--------+-----+--------+

Top non-repeatable levels by time:
     D:1: 857 daAuts
     D:2: 341 daAuts
